 Dungeon Sprint DCSS version 0.31-a0-204-g7da18cac08 (webtiles) character file.

Game seed: 10351930769134183482

3621 rocky1 the Martial Artist (level 10, -14/71 HPs)
             Began as an Octopode Transmuter on June 28, 2023.
             Was the Champion of Cheibriados.
             Demolished by a bog body (18 damage)
             ... in the Dungeon (Sprint VII: "The Pits").
             The game lasted 00:07:14 (2017 turns).

rocky1 the Martial Artist (Octopode Transmuter)     Turns: 2017, Time: 00:07:15

Health: -14/71     AC:  4    Str: 25    XL:     10   Next: 11%
Magic:  22/22      EV: 22    Int: 37    God:    Cheibriados [******]
Gold:   0          SH:  0    Dex: 28    Spells: 15/25 levels left

rFire   . . .        q - +0 dagger
rCold   . . .        (no shield)
rNeg    . . .        (helmet restricted)
rPois   .            (no amulet)
rElec   .            k - +3 ring of protection
rCorr   .            l - +3 ring of intelligence
SInv    .            (no ring)
Will    .....        (no ring)
Stlth   +++++++      (no ring)
HPRegen 0.31/turn    (no ring)
MPRegen 0.18/turn    (no ring)
                     (no ring)

%: no teleportation
@: slowed, very slow
A: almost no armour, amphibious, 8 rings, camouflage 1, gelatinous body 1,
(nimble swimmer 1), tentacles
a: Renounce Religion, Bend Time, Temporal Distortion, Slouch, Step From Time


You were in the Dungeon.
You worshipped Cheibriados.
Cheibriados was exalted by your worship.
You visited 1 branch

Inventory:

Hand Weapons
 p - the +8 arc blade {discharge, rElec}
   (You found it in the Dungeon)

   rElec:     It insulates you from electricity.
 q - a +0 dagger (weapon)
Jewellery
 k - a +3 ring of protection (left tentacle)
 l - a +3 ring of intelligence (right tentacle)
Scrolls
 g - a scroll of blinking
 i - 5 scrolls of amnesia
 j - a scroll of summoning
Potions
 a - a potion of lignification
 b - 7 potions of curing
 c - 5 potions of heal wounds
 d - 3 potions of haste
 e - 4 potions of magic
 f - 3 potions of berserk rage
 h - 2 potions of invisibility
 m - 3 potions of brilliance
 n - a potion of resistance
 o - 2 potions of mutation


   Skills:
 + Level 7.2 Fighting
 * Level 6.6 Short Blades
 + Level 8.8 Dodging
 + Level 11.4 Stealth
 + Level 12.8 Unarmed Combat
 + Level 8.4 Spellcasting
 + Level 8.4 Transmutations
 + Level 1.9 Ice Magic


You had 15 spell levels left.
You knew the following spells:

 Your Spells              Type           Power      Damage    Failure   Level
a - Beastly Appendage     Tmut           100%       N/A       1%          1
b - Wereblood             Tmut           68%        N/A       1%          2
c - Spider Form           Tmut/Pois      47%        N/A       1%          3
d - Ice Form              Ice/Tmut       53%        N/A       3%          4

Your spell library contained the following spells:

 Spells                   Type           Power      Damage    Failure   Level


Dungeon Overview and Level Annotations

Branches:
Dungeon (1/1)

Altars:
Ashenzari
Cheibriados
Dithmenos
Elyvilon
Fedhas
Gozag
Hepliaklqana
Kikubaaqudgha
Makhleb
Nemelex Xobeh
Okawaru
Qazlal
Ru
Sif Muna
Trog
Uskayaw
Vehumet
Wu Jian
Xom
Yredelemnul
Zin
The Shining One
Jiyva
Lugonu


Innate Abilities, Weirdness & Mutations

You cannot wear most types of armour.
You are amphibious.
You can wear up to eight rings at the same time.
Your skin changes colour to match your surroundings (Stealth+).
Your rubbery body absorbs attacks. (AC +1, EV +1)
((You are camouflaged when in or above water. (Stealth+)))
You have tentacles for arms and can constrict up to eight enemies at once.


Message History

Unknown command.
You start resting.
You start resting.
HP restored.
You start waiting.
Done waiting.
There is an open door here.
You see here a blink frog skeleton.
No target in view!
No target in view!
The helpless flying skull fails to defend itself.
You skewer the flying skull like a kebab!!!!
You destroy the flying skull!
Cheibriados thoroughly appreciates the change of pace.
Unknown command.
Okay, then.
You see here a blink frog skeleton.
There is an open door, spattered with blood here.
Things that are here:
a +0 dagger; a +0 ring mail
q - a +0 dagger The arc blade stops crackling.
q - a +0 dagger (weapon)
You see here a +0 club.
There is an open door, spattered with blood here.
A bog body comes into view.
The bog body gestures at you while chanting.
You feel yourself slow down.
The bog body gestures at you while chanting.
The bolt of cold hits you!! The bog body misses you. The bog body touches you!
The bog body freezes you!!
* * * LOW HITPOINT WARNING * * *
You feel much better. The bog body casts a spell at you.
The bolt of cold hits you!!
* * * LOW HITPOINT WARNING * * *
The bog body touches you!
* * * LOW HITPOINT WARNING * * *
The bog body freezes you!!
You die...

....##..'.).#...
....##..#[).#..
....##..#...#.#
######..#####.+
######..÷.....#
..[[##........# .
..[[###÷###...# ...
..))##....+...#+###...#
..).##....#.....@n....#
..))##....#...........+
#######################


You could see a bog body.

Vanquished Creatures
  A black mamba (D)
  3 komodo dragons (D)
  An ice devil (D)
  A tyrant leech (D)
  4 blink frogs (D)
  2 flying skulls (D)
  2 redbacks (D)
  A steam dragon (D)
  A warg (D)
  2 wolves (D)
  A centaur (D)
  Blork the orc (D)
  A necrophage (D)
  2 orc priests (D)
  An iguana (D)
  2 adders (D)
  2 gnolls (D)
  An ufetubus (D)
  An adder zombie (D)
  A worm (D)
  3 orcs (D)
  An endoplasm (D)
  A goblin (D)
  A quokka (D)
  A kobold (D)
  A quokka skeleton (D)
39 creatures vanquished.

Notes
Turn   | Place    | Note
-------+----------+-------------------------------------------
     0 | D        | rocky1 the Octopode Transmuter began the quest for the Orb.
     0 | D        | Reached XP level 1. HP: 13/13 MP: 3/3
    20 | D        | Found a bloodstained altar of Trog.
    20 | D        | Found a shimmering blue altar of Sif Muna.
    20 | D        | Found a viscous altar of Jiyva.
    20 | D        | Found a hazy altar of Hepliaklqana.
    20 | D        | Found an opulent altar of Gozag.
    21 | D        | Found a glowing golden altar of the Shining One.
    21 | D        | Found a glowing silver altar of Zin.
    21 | D        | Found a basalt altar of Yredelemnul.
    21 | D        | Found a shimmering altar of Xom.
    21 | D        | Found an ornate altar of the Wu Jian Council.
    21 | D        | Found a sacrificial altar of Ru.
    21 | D        | Found a stormy altar of Qazlal.
    21 | D        | Found an iron altar of Okawaru.
    21 | D        | Found a sparkling altar of Nemelex Xobeh.
    21 | D        | Found a burning altar of Makhleb.
    21 | D        | Found a blossoming altar of Fedhas.
    21 | D        | Found a white marble altar of Elyvilon.
    21 | D        | Found a shadowy altar of Dithmenos.
    21 | D        | Found a snail-covered altar of Cheibriados.
    24 | D        | Found a corrupted altar of Lugonu.
    24 | D        | Found a radiant altar of Vehumet.
    25 | D        | Found an ancient bone altar of Kikubaaqudgha.
    25 | D        | Found a hide-covered altar of Uskayaw.
    25 | D        | Found a broken altar of Ashenzari.
    32 | D        | Became a worshipper of Cheibriados the Contemplative
    76 | D        | Reached XP level 2. HP: 12/19 MP: 3/5
    78 | D        | Reached * piety under Cheibriados
   310 | D        | Reached ** piety under Cheibriados
   311 | D        | Reached XP level 3. HP: 25/25 MP: 5/7
   534 | D        | Learned a level 2 spell: Wereblood
   541 | D        | Reached skill level 4 in Unarmed Combat
   545 | D        | Reached *** piety under Cheibriados
   546 | D        | Reached XP level 4. HP: 26/31 MP: 6/9
   765 | D        | Noticed Blork the orc
   766 | D        | Noticed a wolf
   766 | D        | Noticed a necrophage
   770 | D        | Killed a wolf
   771 | D        | Reached skill level 5 in Stealth
   771 | D        | Reached skill level 5 in Unarmed Combat
   771 | D        | Reached XP level 5. HP: 37/37 MP: 7/11
   772 | D        | Reached **** piety under Cheibriados
   773 | D        | Reached skill level 5 in Dodging
   778 | D        | Killed Blork the orc
   779 | D        | Reached skill level 5 in Fighting
   779 | D        | Reached skill level 6 in Unarmed Combat
   779 | D        | Reached skill level 5 in Transmutations
   779 | D        | Reached XP level 6. HP: 16/45 MP: 8/13
   780 | D        | Reached skill level 5 in Spellcasting
   781 | D        | Reached ***** piety under Cheibriados
  1190 | D        | Learned a level 3 spell: Spider Form
  1195 | D        | Learned a level 4 spell: Ice Form
  1202 | D        | Noticed a steam dragon
  1206 | D        | Killed a steam dragon
  1207 | D        | Reached skill level 7 in Unarmed Combat
  1207 | D        | Reached XP level 7. HP: 50/50 MP: 8/15
  1208 | D        | Noticed a flying skull
  1215 | D        | Killed a flying skull
  1216 | D        | Reached skill level 8 in Unarmed Combat
  1218 | D        | Reached ****** piety under Cheibriados
  1225 | D        | Noticed a komodo dragon
  1225 | D        | Noticed a black mamba
  1236 | D        | Killed a black mamba
  1237 | D        | Reached skill level 9 in Unarmed Combat
  1237 | D        | Reached skill level 1 in Ice Magic
  1237 | D        | Reached XP level 8. HP: 46/57 MP: 14/18
  1242 | D        | Killed a komodo dragon
  1243 | D        | Reached skill level 10 in Stealth
  1243 | D        | Reached skill level 10 in Unarmed Combat
  1248 | D        | Found the +8 arc blade {discharge, rElec}
  1343 | D        | Noticed an ice devil
  1343 | D        | Noticed a komodo dragon
  1353 | D        | Killed an ice devil
  1364 | D        | Killed a komodo dragon
  1365 | D        | Reached skill level 11 in Unarmed Combat
  1365 | D        | Reached XP level 9. HP: 56/63 MP: 20/20
  1375 | D        | Noticed a tyrant leech
  1378 | D        | Killed a tyrant leech
  1537 | D        | Noticed a komodo dragon
  1547 | D        | Killed a komodo dragon
  1722 | D        | Reached skill level 12 in Unarmed Combat
  1724 | D        | Reached XP level 10. HP: 49/71 MP: 22/22
  2014 | D        | Noticed a bog body
  2017 | D        | Demolished by a bog body

Illustrated notes

Levels and vault maps discovered:
D:        pitsprint [storerooms_1, entrance_room_1, metal_vault_8, armoury_1,
          mini_pit_1, grid_room_1, main_hall_1, silver_pit, the_coven_1,
          the_vestibule_1, steel_vault_4, golden_pit, hallway_of_sentries,
          crystal_vault_1, iron_vault_2, final_vault]

Skill      XL: |  1  2  3  4  5  6  7  8  9 |
---------------+----------------------------+-----
Fighting       | 2 3 4 5 6 7 |  7.2
Stealth        | 2 3 4 5 7 8 9 10 11 | 11.4
Dodging        | 3 4 5 6 7 8 |  8.8
Transmutations | 3 4 5 6 7 8 |  8.4
Unarmed Combat | 4 5 6 7 9 11 12 | 12.8
Spellcasting   | 3 4 5 7 8 |  8.4
Ice Magic      | 1 |  1.9
Short Blades   | 3 6 |  6.6

Action                     |  1- 3 |  4- 6 |  7- 9 | 10-12 || total
---------------------------+-------+-------+-------+-------++-------
  Melee: Unarmed           |    21 |    18 |    32 |       ||    71
         Constrict         |     7 |     5 |     2 |     2 ||    16
         Kick              |     7 |     6 |       |       ||    13
         Punch             |     2 |     3 |     2 |     1 ||     8
         Tentacles         |     4 |       |     9 |       ||    13
         Rapier            |       |       |    16 |     7 ||    23
   Cast: Beastly Appendage |     4 |     1 |       |       ||     5
         Wereblood         |     1 |     2 |       |       ||     3
         Ice Form          |       |     1 |       |       ||     1
    Use: Potion            |       |     2 |     1 |     1 ||     4
   Stab: Sleeping          |     3 |     2 |       |     1 ||     6
 Armour: Skin              |     3 |     2 |     9 |       ||    14
  Dodge: Dodged            |    23 |    17 |    33 |     5 ||    78

Table legend: (Time is in decaauts)
 A = Elapsed time spent in this place.
 B = Non-inter-level travel time spent in this place.
 C = Inter-level travel time spent in this place.
 D = Time resting spent in this place.
 E = Time spent auto-exploring this place.
 F = Levels seen in this place.
 G = Mean time per level.
                   A        B        C        D        E       F      G
               +--------+--------+--------+--------+--------+-----+--------+
         Total |   2258 |   2149 |    109 |   1549 |      0 |   1 | 2258.0 |
       Dungeon |   2258 |   2149 |    109 |   1549 |      0 |   1 | 2258.0 |
               +--------+--------+--------+--------+--------+-----+--------+

Top non-repeatable levels by time:
       D: 2258 daAuts
